[Event "Team 45 45 League T58"]
[Site "Internet Chess Club"]
[Date "2013.10.12"]
[Round "8"]
[White "jufral"]
[Black "elessar"]
[Result "0-1"]
[WhiteElo "1530"]
[BlackElo "1640"]
[Opening "Nimzovich-Larsen attack: classical variation"]
[ECO "A01"]
[Time "10:00:12"]
[TimeControl "2700+45"]

1. b3 d5 2. Bb2 Nf6 3. e3 Bg4 4. Nf3 Nbd7 5. Bb5 c6 6. Be2 Qc7 7. d4 e6 8. O-O
Be7 9. Nbd2 O-O-O 10. c4 h5 11. h4 Rdg8 12. g3 Bd6 13. Kg2 Ne4 14. Nxe4 dxe4 15.
Ng5 Nf6 16. c5 Bf8 17. b4 Bxe2 18. Qxe2 Nd5 19. Qd2 Qd7 20. Nxe4 f5 21. Ng5 Be7
22. Nf7 Rh7 23. Ne5 Qd8 24. Ng6 Bf6 25. a4 Qe8 26. Ne5 g5 27. Kh3 gxh4 28. gxh4
Bxe5 29. dxe5 Rhg7 30. e4 fxe4 31. Ra3 Rg4 32. Rg3 Qe7 33. Rxg4 Rxg4 34. Qg5
Rxg5 35. hxg5 Qxg5 {White resigns} 0-1

[Event "Team 45 45 League T58"]
[Site "Internet Chess Club"]
[Date "2013.10.10"]
[Round "8"]
[White "Hal2001"]
[Black "drsigmund1"]
[Result "0-1"]
[WhiteElo "1546"]
[BlackElo "1634"]
[Opening "French: Two knights variation"]
[ECO "C00"]
[Time "21:02:06"]
[TimeControl "2700+45"]

1. e4 e6 2. Nf3 d5 3. Nc3 Nf6 4. e5 Nfd7 5. d4 c5 6. dxc5 Nc6 7. Bf4 Bxc5 8. Bd3
f6 9. exf6 Nxf6 10. O-O O-O 11. h3 Bd7 12. Be5 Nxe5 13. Nxe5 Be8 14. Qd2 Nd7 15.
Rae1 Nxe5 16. Rxe5 Qf6 17. Qe2 Bf7 18. Nb5 Rac8 19. c3 a6 20. Nd4 Bd6 21. Re3 e5
22. Nf5 Bc7 23. Bc2 e4 24. Nd4 Bf4 25. Rxe4 dxe4 26. Qxe4 Bg6 27. Qd5+ Qf7 28.
Qf3 Bxc2 29. Nxc2 Qxa2 30. Qxb7 Rb8 31. Qe4 Qxb2 32. Nd4 Qxc3 33. Nc6 Rbe8 34.
Qd5+ Kh8 35. Qd7 Qd2 {White resigns} 0-1

[Event "Team 45 45 League T58"]
[Site "Internet Chess Club"]
[Date "2013.10.12"]
[Round "8"]
[White "RubberDuck"]
[Black "sesquipedal"]
[Result "1-0"]
[WhiteElo "1814"]
[BlackElo "1801"]
[Opening "Budapest: Adler variation"]
[ECO "A52"]
[Time "15:03:50"]
[TimeControl "2700+45"]

1. d4 Nf6 2. c4 e5 3. dxe5 Ng4 4. Nf3 Bc5 5. e3 Nc6 6. Be2 O-O 7. O-O Ngxe5 8.
Nxe5 Nxe5 9. Nc3 Re8 10. b3 a5 11. Bb2 Ra6 12. Qd5 Ba7 13. c5 Rh6 14. f4 c6 15.
Qd4 d6 16. fxe5 Rxe5 17. Rad1 Qe7 18. cxd6 Qg5 19. Qxa7 c5 20. Rd3 Rxe3 21. d7
Bxd7 22. Rxd7 {Black resigns} 1-0

[Event "Team 45 45 League T58"]
[Site "Internet Chess Club"]
[Date "2013.10.13"]
[Round "8"]
[White "amicusUK"]
[Black "xt"]
[Result "1/2-1/2"]
[WhiteElo "1705"]
[BlackElo "1688"]
[Opening "QGD Slav: exchange variation, 6.Bf4 Bf5"]
[ECO "D14"]
[Time "17:02:08"]
[TimeControl "2700+45"]

1. d4 d5 2. Nf3 Nf6 3. c4 c6 4. cxd5 cxd5 5. Nc3 Bf5 6. Bf4 Nc6 7. e3 e6 8. Bd3
Bxd3 9. Qxd3 Be7 10. O-O O-O 11. Rac1 Rc8 12. Ne5 Nxe5 13. Bxe5 Nd7 14. Bg3 a6
15. Rc2 Qa5 16. Rfc1 Rc6 17. a3 Rfc8 18. f3 f5 19. Be1 Qc7 20. Bg3 Qd8 21. Ne2
Rxc2 22. Rxc2 Nb6 23. Nf4 Qd7 24. Qd1 Nc4 25. Qc1 Rc6 26. Kf2 g5 27. Nd3 Qc8 28.
Ke2 Kf8 29. Be1 h6 30. Bb4 a5 31. Bxe7+ Kxe7 32. b3 Nd6 33. Rc5 Rxc5 34. Qxc5
Qxc5 35. Nxc5 b6 36. Nd3 Nf7 37. Kd2 Kd6 38. Kc3 Kc6 39. g4 fxg4 40. fxg4 Kd6
41. b4 axb4+ 42. Kxb4 Kc6 43. Nb2 Nd6 44. Nd3 Nc4 45. Ne5+ Nxe5 46. dxe5 b5 47.
Kc3 Kc5 48. h3 Kb6 49. Kd4 Kc6 {Game drawn by mutual agreement} 1/2-1/2

[Event "Team 45 45 League T58"]
[Site "Internet Chess Club"]
[Date "2013.10.13"]
[Round "8"]
[White "oldsj"]
[Black "losscause"]
[Result "1/2-1/2"]
[WhiteElo "1593"]
[BlackElo "1586"]
[Opening "Caro-Kann: Panov-Botvinnik attack"]
[ECO "B13"]
[Time "13:00:45"]
[TimeControl "2700+45"]

1. e4 c6 2. d4 d5 3. exd5 cxd5 4. c4 Nf6 5. Nc3 Nc6 6. Bg5 Be6 7. Bxf6 exf6 8.
c5 a6 9. Nf3 g6 10. Be2 Bh6 11. O-O O-O 12. a3 Re8 13. h3 Qd7 14. Nh2 Qc7 15.
Ng4 Bg7 16. Bf3 Rad8 17. Ne3 Ne7 18. b4 f5 19. a4 f4 20. Ng4 Nc6 21. Ne2 Nxb4
22. Qd2 Nc6 23. Rfd1 h5 24. Nh2 Qc8 25. Qxf4 Bf5 26. Ra3 Be4 27. Re3 Bxf3 28.
Nxf3 Rxe3 29. Qxe3 Re8 30. Qd2 Qc7 31. Nc3 Qd8 32. Kf1 Qd7 33. Ne2 Re7 34. Re1
{Game drawn by mutual agreement} 1/2-1/2

[Event "Team 45 45 League T58"]
[Site "Internet Chess Club"]
[Date "2013.10.14"]
[Round "8"]
[White "stanbeers"]
[Black "mongmong"]
[Result "1/2-1/2"]
[WhiteElo "1522"]
[BlackElo "1619"]
[Opening "English opening"]
[ECO "A13"]
[Time "20:00:51"]
[TimeControl "2700+45"]

1. c4 e6 2. g3 Nf6 3. Bg2 c6 4. d4 d5 5. Qc2 Be7 6. Nf3 O-O 7. Nbd2 Nbd7 8. b3
b5 9. O-O bxc4 10. bxc4 Ba6 11. Re1 Bb4 12. a3 Ba5 13. Qa4 Qc7 14. Qc2 Bxc4 15.
Nxc4 Bxe1 16. Nxe1 Nb6 17. Bf4 Qc8 18. Ne5 Nc4 19. Nxc4 dxc4 20. Qxc4 Nd5 21.
Bd6 Rd8 22. Bc5 a5 23. e4 Nf6 24. e5 Nd5 25. Rc1 Qa6 26. Qc2 Rdc8 27. Bf1 Qb7
28. Rb1 Qd7 29. Qb2 h6 30. Qd2 Qe8 31. Nd3 Rcb8 32. Rc1 Rb3 33. Nf4 Qb8 34. Nxd5
cxd5 35. Qc2 Rb2 36. Qc3 Qb3 37. Qe1 Rc2 38. Bd6 Qa2 39. Ra1 Qb2 40. Rb1 Qxd4
41. Rb8+ Rxb8 42. Bxb8 Rd2 43. Qc1 Rd1 44. Ba7 Rxf1+ 45. Qxf1 Qxa7 46. Qb5 a4
47. Qe8+ Kh7 48. Qb5 Qd4 49. Qe8 Kg6 50. h4 Qg4 51. Qb5 f6 52. exf6 Kxf6 53. Qb8
Qd1+ 54. Kg2 Qb3 55. Qf8+ Kg6 56. Qe8+ Kh7 57. Qxe6 Qxa3 58. Qf5+ Kg8 59. Qxd5+
Kf8 60. Qd8+ Kf7 61. Qd7+ Kf6 62. Qc6+ Kf7 63. Qd7+ Kg8 64. Qe8+ Kh7 65. Qe4+
Kh8 66. Qa8+ Kh7 67. Qe4+ Kg8 {Game drawn by mutual agreement} 1/2-1/2

[Event "Team 45 45 League T58"]
[Site "Internet Chess Club"]
[Date "2013.10.14"]
[Round "8"]
[White "RedAttack"]
[Black "Buford-Julep"]
[Result "1/2-1/2"]
[WhiteElo "1851"]
[BlackElo "1724"]
[Opening "Ruy Lopez: Anderssen variation"]
[ECO "C77"]
[Time "16:00:22"]
[TimeControl "2700+45"]

1. e4 e5 2. Nf3 Nc6 3. Bb5 a6 4. Ba4 Nf6 5. d3 Be7 6. Bxc6 bxc6 7. Nxe5 O-O 8.
O-O Bb7 9. Nc3 d5 10. Bf4 Re8 11. Ng4 dxe4 12. Nxf6+ Bxf6 13. Nxe4 Rc8 14. Rb1
Bd4 15. Qg4 Qd5 16. c4 Qe6 17. Qxe6 Rxe6 18. Ng5 Re2 19. Nf3 Bb6 20. Bg3 c5 21.
Ne5 f6 22. Ng4 Rce8 23. f3 f5 24. Nf2 g5 25. h4 h6 26. hxg5 hxg5 27. Nh3 Rd2 28.
Rfd1 Rc2 29. Rdc1 Rd2 30. Rd1 Rc2 31. Rdc1 Rd2 {Game drawn by mutual agreement}
1/2-1/2

[Event "Team 45 45 League T58"]
[Site "Internet Chess Club"]
[Date "2013.10.13"]
[Round "8"]
[White "LazyPeon"]
[Black "OneDirection"]
[Result "0-1"]
[WhiteElo "1724"]
[BlackElo "1519"]
[Opening "King's Indian: fianchetto, classical variation, 8.e4"]
[ECO "E68"]
[Time "13:00:15"]
[TimeControl "2700+45"]

1. d4 Nf6 2. c4 g6 3. g3 Bg7 4. Bg2 O-O 5. Nc3 d6 6. Nf3 Nbd7 7. O-O e5 8. e4
exd4 9. Nxd4 Re8 10. h3 c6 11. Be3 Qa5 12. Qc2 Ne5 13. b3 a6 14. Rad1 Ned7 15.
Nde2 Bf8 16. Bf4 Ne5 17. Be3 Rb8 18. f4 Ned7 19. Nd4 c5 20. Nf3 b5 21. e5 bxc4
22. bxc4 Nb6 23. Bd2 Bf5 24. Qc1 Nfd7 25. exd6 Nxc4 26. Nd5 Qxa2 27. Nc3 Qb2 28.
g4 Qxc1 29. Rxc1 Bd3 30. Rfe1 Nxd2 31. Nxd2 Rxe1+ 32. Rxe1 Bxd6 33. Nd5 Rb2 34.
Ne4 Bxe4 35. Bxe4 Rd2 36. Ra1 Rd4 37. Bg2 Bxf4 38. Nxf4 Rxf4 39. Rxa6 c4 40. Rc6
Kg7 41. Rc7 Ne5 42. Bd5 Kf6 43. Kg2 Rd4 44. Bf3 Rd2+ 45. Kg3 Rd3 {White resigns}
0-1

[Event "Team 45 45 League T58"]
[Site "Internet Chess Club"]
[Date "2013.10.15"]
[Round "8"]
[White "pereelcoix"]
[Black "nanning"]
[Result "1-0"]
[WhiteElo "1639"]
[BlackElo "1635"]
[Opening "Sicilian: closed"]
[ECO "B23"]
[Time "14:07:37"]
[TimeControl "2700+45"]

1. e4 c5 2. Nc3 d6 3. Bc4 a6 4. Nf3 b5 5. Bd5 Ra7 6. d3 Nf6 7. Bb3 e6 8. Bg5 Be7
9. O-O Nc6 10. h3 O-O 11. Re1 Qc7 12. Qd2 Rd8 13. a3 Ne5 14. Nxe5 dxe5 15. Qe3
Bb7 16. Rad1 Ba8 17. Ba2 Qc6 18. Qg3 Qd6 19. Re2 Ne8 20. Be3 Qb8 21. Bg5 Bxg5
22. Qxg5 Rad7 23. Re3 c4 24. Rg3 cxd3 25. Rgxd3 Rxd3 26. Rxd3 Rxd3 27. cxd3 Qd6
28. Qe3 Qd4 29. Qxd4 exd4 30. Ne2 e5 31. f4 exf4 32. Nxf4 Kf8 33. Ne2 Ke7 34.
Nxd4 f6 35. Kf2 Kd6 36. Bf7 Ke7 37. Bg8 h6 38. Nf5+ Kf8 39. Bb3 h5 40. Ke3 g6
41. Nh4 g5 42. Nf5 Ng7 43. Nxg7 Kxg7 44. Be6 Bc6 45. d4 a5 46. d5 Bb7 47. Kd4 b4
48. axb4 axb4 49. Kc5 Ba6 50. d6 Kf8 51. Kb6 {Black resigns} 1-0

[Event "Team 45 45 League T58"]
[Site "Internet Chess Club"]
[Date "2013.10.11"]
[Round "8"]
[White "SirIvanhoe"]
[Black "Andressa"]
[Result "1/2-1/2"]
[WhiteElo "1503"]
[BlackElo "1497"]
[Opening "Bishop's opening: Berlin defense"]
[ECO "C24"]
[Time "19:30:46"]
[TimeControl "2700+45"]

1. e4 e5 2. Bc4 Nf6 3. d3 Be7 4. Nc3 Nc6 5. f4 d6 6. Nge2 Nd4 7. fxe5 dxe5 8.
O-O Bg4 9. Qd2 Bc5 10. Kh1 a6 11. Nxd4 Qxd4 12. Ne2 Bxe2 13. Qxe2 b5 14. Bb3 O-O
15. c3 Qd7 16. Be3 Bxe3 17. Qxe3 Rad8 18. Rad1 Qg4 19. Qf3 Qg6 20. Qf5 Ng4 21.
Qxg6 hxg6 22. Rf3 c5 23. Rdf1 Nf6 24. g4 g5 25. h3 a5 26. Kg2 c4 27. Bc2 Rd6
{Game drawn by mutual agreement} 1/2-1/2

[Event "Team 45 45 League T58"]
[Site "Internet Chess Club"]
[Date "2013.10.13"]
[Round "8"]
[White "mugurelt"]
[Black "rayonline53"]
[Result "1-0"]
[WhiteElo "1750"]
[BlackElo "1622"]
[Opening "King's Indian defense, 3.Nc3"]
[ECO "E61"]
[Time "00:32:14"]
[TimeControl "2700+45"]

1. c4 Nf6 2. Nc3 g6 3. d4 c5 4. d5 d6 5. e4 Bg7 6. Nge2 O-O 7. Ng3 Na6 8. Be2
Nc7 9. O-O a6 10. a4 a5 11. f4 Nfe8 12. f5 Na6 13. Be3 b6 14. Qd2 Nf6 15. Bh6
Nd7 16. Bxg7 Kxg7 17. Qf4 Ne5 18. h4 Bd7 19. Nd1 Nb4 20. Nf2 Nc2 21. Rad1 Bxa4
22. Ng4 Nxg4 23. Bxg4 Nd4 24. Rd3 b5 25. Rc3 bxc4 26. h5 Bd7 27. hxg6 fxg6 28.
Qg5 e5 29. f6+ Kf7 30. Bxd7 Qxd7 31. Nh5 Ne2+ 32. Kh1 Nxc3 33. Qh6 gxh5 34. Qg7+
Ke8 35. f7+ Rxf7 36. Qg8+ Ke7 37. Rxf7# {Black checkmated} 1-0

[Event "Team 45 45 League T58"]
[Site "Internet Chess Club"]
[Date "2013.10.12"]
[Round "8"]
[White "chrisgianno"]
[Black "noblitz-oblige"]
[Result "1-0"]
[WhiteElo "1723"]
[BlackElo "1599"]
[Opening "King's gambit"]
[ECO "C30"]
[Time "12:23:51"]
[TimeControl "2700+45"]

1. e4 e5 2. f4 d6 3. Nc3 Nc6 4. Bb5 Bd7 5. Nf3 Nf6 6. d3 Nd4 7. fxe5 Nxb5 8.
exf6 Nxc3 9. bxc3 Qxf6 10. Rb1 Qxc3+ 11. Bd2 Qc6 12. Nd4 Qc5 13. Nb3 Qe5 14. O-O
b6 15. Bf4 Qe6 16. d4 Be7 17. d5 Qxe4 18. Qd2 Qg6 19. Rbe1 Kf8 20. Re3 Bf6 21.
Qb4 Re8 22. Bxd6+ cxd6 23. Qxd6+ Re7 24. Rxe7 Bd4+ 25. Nxd4 Qxd6 26. Rfxf7+ Kg8
27. Rxg7+ Kf8 28. Rgf7+ Kg8 29. Rxd7 Qc5 30. c3 h5 31. Rfe7 Kf8 32. d6 {Black
resigns} 1-0

[Event "Team 45 45 League T58"]
[Site "Internet Chess Club"]
[Date "2013.10.13"]
[Round "8"]
[White "RD1974"]
[Black "Signalman"]
[Result "0-1"]
[WhiteElo "1641"]
[BlackElo "1661"]
[Opening "French: King's Indian attack"]
[ECO "C00"]
[Time "14:47:21"]
[TimeControl "2700+45"]

1. e4 e6 2. d3 d5 3. Nd2 Be7 4. Ngf3 b6 5. c3 Bb7 6. Qc2 c5 7. Be2 Nf6 8. e5
Nfd7 9. O-O O-O 10. Re1 Nc6 11. d4 Rc8 12. Qd1 cxd4 13. cxd4 Nb4 14. Rf1 f6 15.
a3 Nc2 16. Rb1 Qc7 17. Nb3 fxe5 18. dxe5 Nxe5 19. Nbd4 Nxf3+ 20. Nxf3 e5 21. Bg5
e4 22. Bxe7 Qxe7 23. Nd4 Nxd4 24. Qxd4 Rf7 25. b4 Qg5 26. Rb3 Rc2 27. Qd1 Rfc7
28. f4 Qf6 29. Rb1 d4 30. Bb5 e3 31. Be2 Qg6 32. g3 d3 33. f5 Rxe2 34. Qxe2 Qc6
{White resigns} 0-1

[Event "Team 45 45 League T58"]
[Site "Internet Chess Club"]
[Date "2013.10.13"]
[Round "8"]
[White "mongmong"]
[Black "houseofcook"]
[Result "1/2-1/2"]
[WhiteElo "1624"]
[BlackElo "1501"]
[Opening "Colle system"]
[ECO "A46"]
[Time "06:03:37"]
[TimeControl "2700+45"]

1. d4 Nf6 2. Nf3 e6 3. e3 c5 4. c3 d5 5. Bd3 Be7 6. Nbd2 O-O 7. O-O b6 8. Qe2
Bb7 9. e4 Nc6 10. e5 Nd7 11. Re1 cxd4 12. cxd4 Nb4 13. Nf1 Nxd3 14. Qxd3 Rc8 15.
Be3 Re8 16. Rec1 Nf8 17. Rxc8 Qxc8 18. Rc1 Qd7 19. h3 Rc8 20. Qd1 h6 21. Rc2
Rxc2 22. Qxc2 Qc6 23. Qxc6 Bxc6 24. N3d2 Ng6 25. f4 Nh4 26. g3 Nf5 27. Kf2 Nxe3
28. Kxe3 g6 29. Nf3 f6 30. exf6 Bxf6 31. Ne5 Bb5 32. Nd2 Kg7 33. b3 g5 34. Ndf3
gxf4+ 35. gxf4 Be8 {Game drawn by mutual agreement} 1/2-1/2

[Event "Team 45 45 League T58"]
[Site "Internet Chess Club"]
[Date "2013.10.14"]
[Round "8"]
[White "SirIvanhoe"]
[Black "pcvan"]
[Result "1/2-1/2"]
[WhiteElo "1517"]
[BlackElo "1487"]
[Opening "French: King's Indian attack"]
[ECO "C00"]
[Time "13:00:29"]
[TimeControl "2700+45"]

1. e4 e6 2. d3 d5 3. Nd2 Nf6 4. Ngf3 Nc6 5. g3 Bc5 6. h3 O-O 7. Bg2 b6 8. c3
dxe4 9. dxe4 Ba6 10. Qa4 Bb7 11. O-O a5 12. e5 Nd7 13. Re1 f6 14. exf6 Qxf6 15.
Ne4 Qf5 16. g4 Qf7 17. Neg5 Qg6 18. Rxe6 Rf6 19. Rxf6 Qxf6 20. Ne4 Qf7 21. Nxc5
Nxc5 22. Qc2 h6 23. Ne5 Nxe5 24. Bxb7 Nxb7 25. Qe4 Rf8 26. f4 Nc5 27. Qxe5 Nd3
28. Qe4 Nxf4 29. Bxf4 Qxf4 30. Qxf4 Rxf4 31. Rd1 Rf7 32. Rd2 Kf8 33. Rf2 Ke7 34.
Kg2 Ke6 35. Rxf7 Kxf7 36. Kf3 Ke6 37. Ke4 c5 38. c4 a4 {Game drawn by mutual
agreement} 1/2-1/2

[Event "Team 45 45 League T58"]
[Site "Internet Chess Club"]
[Date "2013.10.14"]
[Round "8"]
[White "Merlin43"]
[Black "Gilguli"]
[Result "1-0"]
[WhiteElo "1433"]
[BlackElo "1367"]
[Opening "Queen's pawn, Mason variation"]
[ECO "D00"]
[Time "15:02:34"]
[TimeControl "2700+45"]

1. d4 d5 2. Bf4 Nf6 3. e3 Bf5 4. c4 c6 5. Nf3 h6 6. Qb3 Qb6 7. Nc3 Qxb3 8. axb3
e6 9. c5 Nh5 10. Bxb8 Rxb8 11. Rxa7 Be7 12. Be2 O-O 13. O-O Rfc8 14. Ne5 Nf6 15.
b4 Kf8 16. Rfa1 b6 17. Ba6 Re8 18. Bb7 bxc5 19. bxc5 Bxc5 20. dxc5 Re7 21. Nxc6
Rexb7 22. Nxb8 Rxb8 23. Ra8 Rxa8 24. Rxa8+ Ke7 25. Ra7+ Ke8 26. c6 e5 27. Nb5 d4
28. Nd6+ {Black resigns} 1-0

[Event "Team 45 45 League T58"]
[Site "Internet Chess Club"]
[Date "2013.10.12"]
[Round "8"]
[White "semperfi"]
[Black "Visin"]
[Result "1/2-1/2"]
[WhiteElo "1390"]
[BlackElo "1274"]
[Opening "Queen's pawn: stonewall attack"]
[ECO "D00"]
[Time "09:00:08"]
[TimeControl "2700+45"]

1. d4 d5 2. e3 Nf6 3. Bd3 Nc6 4. f4 Bg4 5. Nf3 e6 6. Nbd2 Bd6 7. O-O Qd7 8. c3
h6 9. h3 Bh5 10. g4 Bg6 11. Bxg6 fxg6 12. Ne5 Bxe5 13. fxe5 Nh7 14. Qc2 Ne7 15.
Nb3 b6 16. Qf2 O-O-O 17. Qe2 Rhf8 18. Qa6+ Kb8 19. Bd2 c6 20. a4 Qb7 21. Qd3 a5
22. Be1 Rxf1+ 23. Kxf1 Rf8+ 24. Kg2 Ng5 25. Bh4 Ne4 26. Bxe7 Qxe7 27. Qa6 Qb7
28. Qxb7+ Kxb7 29. Rf1 Rxf1 30. Kxf1 h5 31. Nc1 Ng5 32. Kg2 hxg4 33. hxg4 Nf7
34. Ne2 g5 35. Ng3 g6 36. e4 Kc7 37. exd5 cxd5 38. Kf3 Kc6 39. Ne2 b5 40. axb5+
Kxb5 41. b3 a4 42. bxa4+ Kxa4 43. Ke3 Kb3 44. Kf3 Kc4 45. Ke3 Nh6 46. Kf3 {Game
drawn by mutual agreement} 1/2-1/2

[Event "Team 45 45 League T58"]
[Site "Internet Chess Club"]
[Date "2013.10.11"]
[Round "8"]
[White "Bible-Believer"]
[Black "Littlemon"]
[Result "1/2-1/2"]
[WhiteElo "1668"]
[BlackElo "1451"]
[Opening "Scotch game"]
[ECO "C45"]
[Time "19:02:24"]
[TimeControl "2700+45"]

1. e4 e5 2. Nf3 Nc6 3. d4 exd4 4. Nxd4 Bc5 5. Nxc6 Qf6 6. Qf3 Qxc6 7. Nc3 Nf6 8.
Bb5 Qe6 9. O-O O-O 10. Bf4 c6 11. Ba4 d6 12. Bb3 Qe7 13. h3 h6 14. Rfe1 Bd4 15.
Rad1 Be5 16. Bxe5 dxe5 17. Rd2 Be6 18. Red1 Bxb3 19. axb3 Rfd8 20. Qe3 Rd7 21.
Rxd7 Nxd7 22. Na4 Kf8 23. Rd3 Ke8 24. Qg3 g6 25. Qe3 h5 26. Qh6 Qf8 27. Qxf8+
Nxf8 28. Nc5 Rb8 29. f3 Ne6 30. Nxe6 fxe6 31. Kf2 Ke7 32. Ke3 g5 33. Rd1 b5 34.
b4 Rb7 35. Rd3 Rc7 36. Rc3 Rc8 {Game drawn by mutual agreement} 1/2-1/2

[Event "Team 45 45 League T58"]
[Site "Internet Chess Club"]
[Date "2013.10.10"]
[Round "8"]
[White "vjbaker"]
[Black "BotanicalKnight"]
[Result "1/2-1/2"]
[WhiteElo "1687"]
[BlackElo "1521"]
[Opening "Caro-Kann: exchange variation"]
[ECO "B13"]
[Time "20:00:49"]
[TimeControl "2700+45"]

1. e4 c6 2. d4 d5 3. exd5 cxd5 4. Bd3 Nc6 5. c3 Qc7 6. Nf3 Bg4 7. Nbd2 e6 8. O-O
Bd6 9. Re1 Bxh2+ 10. Kh1 Bd6 11. Qb3 Nge7 12. c4 dxc4 13. Bxc4 O-O 14. Bd3 Bf5
15. Ne4 Rab8 16. Bg5 Bf4 17. Bxf4 Qxf4 18. Ng3 Bg4 19. Kg1 Bxf3 20. gxf3 Nxd4
21. Bxh7+ Kxh7 22. Qd3+ Ndf5 23. Re4 Qg5 24. Kg2 g6 25. Qc3 Nd5 26. Rh1+ Nh6 27.
Qd4 Nf6 28. Reh4 Nh5 29. f4 Qd5+ 30. Qxd5 exd5 31. Nxh5 gxh5 32. Rxh5 Rg8+ 33.
Kf3 Rg6 34. f5 Rf6 35. Kf4 Re8 36. f3 Rg8 37. Ke5 Rb6 38. R1h2 Rg3 39. f6 Rg6
40. R5h3 Rgxf6 41. Kxd5 Rfd6+ 42. Ke5 Re6+ 43. Kd5 Red6+ 44. Ke5 Re6+ 45. Kd5
Red6+ 46. Ke5 {Game drawn by repetition} 1/2-1/2

[Event "Team 45 45 League T58"]
[Site "Internet Chess Club"]
[Date "2013.10.13"]
[Round "8"]
[White "chesskix"]
[Black "DeltaChess"]
[Result "0-1"]
[WhiteElo "1331"]
[BlackElo "1338"]
[Opening "Réti opening"]
[ECO "A09"]
[Time "15:08:33"]
[TimeControl "2700+45"]

1. Nf3 d5 2. c4 Nf6 3. b3 e6 4. Bb2 c5 5. g3 Nc6 6. Bg2 Be7 7. O-O O-O 8. d3 h6
9. Nbd2 d4 10. a3 Bd6 11. e3 e5 12. exd4 exd4 13. Re1 Bg4 14. Ne4 Nxe4 15. Rxe4
Bf5 16. Rh4 Ne7 17. Bc1 Ng6 18. Rh5 Bg4 19. Rd5 Ne7 20. Rxd6 Qxd6 21. Bf4 Qd7
22. Qd2 Bxf3 23. Bxf3 Ng6 24. Bxh6 gxh6 25. Qxh6 Rfe8 26. Bd5 Re5 27. Qxg6+ Kf8
28. Qh6+ Ke7 29. Qh4+ f6 30. Qh7+ Kd6 31. Qxd7+ Kxd7 32. Bxb7 Rb8 33. f4 Re3 34.
Be4 Rxb3 35. Kg2 Ke6 36. f5+ Ke5 37. Kh3 Re2 38. Bf3 Rd2 39. Be4 Rbb2 40. Rh1
Ra2 41. a4 Rxa4 42. Re1 Raa2 43. Bc6+ Kxf5 44. g4+ Kg5 45. Be4 Rxh2+ 46. Kg3 Rh4
47. Bf5 Rah2 48. Kf3 R4h3+ 49. Ke4 Rh1 50. Rxh1 Rxh1 51. Kd5 a5 52. Kxc5 Rb1 53.
Kxd4 a4 54. c5 a3 55. c6 a2 56. Kd5 a1=Q 57. d4 Qa5+ 58. Kd6 Rc1 59. Bd7 Rc4 60.
d5 Qc5+ 61. Ke6 Re4+ 62. Kf7 Qe7+ 63. Kg8 Kh6 64. g5+ fxg5 {White resigns} 0-1

[Event "Team 45 45 League T58"]
[Site "Internet Chess Club"]
[Date "2013.10.14"]
[Round "8"]
[White "viktory"]
[Black "kingsrook"]
[Result "1-0"]
[WhiteElo "1422"]
[BlackElo "1244"]
[Opening "QGD: Tarrasch defense"]
[ECO "D32"]
[Time "16:00:12"]
[TimeControl "2700+45"]

1. d4 d5 2. c4 e6 3. Nc3 c5 4. Nf3 Nc6 5. Bg5 Nf6 6. e3 Be7 7. Bd3 O-O 8. O-O
Re8 9. Ne5 cxd4 10. Nxc6 bxc6 11. exd4 h6 12. Bf4 Qb6 13. Rb1 Qxd4 14. Bh7+
{Black resigns} 1-0